 Dungeon Crawl Stone Soup version 0.31-a0-45-g5f0c076935 (webtiles) character file.

Game seed: 14988240825903899541

1673 porpoise the Cleaver (level 9, -17/82 HPs)
             Began as a Hill Orc Fighter on May 22, 2023.
             Demolished by an ogre
             ... wielding a +0 giant club
              (33 damage)
             ... on level 4 of the Dungeon.
             The game lasted 00:13:17 (4618 turns).

porpoise the Cleaver (Hill Orc Fighter)             Turns: 4618, Time: 00:13:17

Health: -17/82     AC:  8    Str: 21    XL:     9   Next: 1%
Magic:  9/9        EV:  9    Int: 14    God:
Gold:   152        SH:  4    Dex: 12    Spells: 8/8 levels left

rFire   . . .        a - +0 war axe
rCold   . . .        b - +0 buckler
rNeg    + . .        l - +0 scale mail
rPois   .            (no helmet)
rElec   .            p - +0 cloak
rCorr   .            (no gloves)
SInv    .            (no boots)
Will    .....        (no amulet) Stlth
                     u - ring of positive energy
HPRegen 0.33/turn    n - +6 ring of intelligence
MPRegen 0.11/turn

%: no passive effects
@: studying Armour
A: no striking features
a: no special abilities


You were on level 4 of the Dungeon.
You visited 1 branch of the dungeon, and saw 4 of its levels.
You also visited: Ossuary.

You collected 152 gold pieces.

Inventory:

Hand Weapons
 a - a +0 war axe (weapon)
 c - the +3 dire flail of the Sky {heavy, Will++ rCorr}
   (You took it off an ogre on level 3 of the Dungeon)

   rCorr:     It protects you from acid and corrosion.
   Will:      It greatly increases your willpower.
Armour
 b - a +0 buckler (worn)
 l - a +0 scale mail (worn)
 p - a +0 cloak (worn)
Jewellery
 n - a +6 ring of intelligence (right hand)
 u - a ring of positive energy (left hand)
 x - a ring of protection from cold
Wands
 r - a wand of flame (9)
 t - a wand of mindburst (11) (quivered)
Scrolls
 e - a scroll of fear {unknown}
 h - a scroll of teleportation
 i - 2 scrolls of noise
 j - a scroll of immolation
 w - a scroll of torment
 y - a scroll of enchant armour {unknown}
Potions
 d - 3 potions of might
 f - 2 potions of curing
 g - a potion of brilliance {unknown}
 k - 2 potions of haste
 m - a potion of degeneration {unknown}
 o - 3 potions of attraction
 q - 7 potions of heal wounds
 s - 3 potions of mutation
 z - a potion of invisibility {unknown}


   Skills:
 + Level 8.5 Fighting
 * Level 12.1 Axes
 - Level 3.2 Armour
 - Level 3.2 Shields


You had 8 spell levels left.
You didn't know any spells.
Your spell library contained the following spells:

 Spells                   Type           Power      Damage    Failure   Level
 Kiss of Death            Conj/Necr      0%         2d5       67%         1
 Confusing Touch          Hex            0%         N/A       96%         3
 Frozen Ramparts          Ice            0%         1d1       96%         3
 Tukima's Dance           Hex            0%         N/A       96%         3
 Dispel Undead            Necr           0%         3d6       100%        4
 Ice Form                 Ice/Tmut       0%         N/A       100%        4
 Passage of Golubria      Tloc           0%         N/A       100%        4
 Summon Ice Beast         Ice/Summ       0%         N/A       100%        4
 Yara's Violent Unravell  Hex/Tmut       0%         3d3       100%        5


Dungeon Overview and Level Annotations

Branches:
Dungeon (4/15)            Ossuary (visited)
 Temple: D:4-7

Altars:
Okawaru
Uskayaw

Shops:
D:2 (


Message History

The magic dart hits you!
Aiming: Mindburst
Press: ? - help, Shift-Dir - straight line, f/p - Blork the orc
Aim: Blork the orc, wielding a +1 short sword of protection and wearing a +2 robe (severely wounded, chance to affect: 64%) Blork the orc's mind is blasted!!
You blow up Blork the orc!
Your Axes skill increases to level 12!
You have reached level 9!
Your experience leads to an increase in your attributes!
Your base attributes are Str 21, Int 8, Dex 10.
Increase (S)trength, (I)ntelligence, or (D)exterity?
You feel agile. x2
An ogre comes into view. It is wielding a +0 giant club.
Found a short sword.
The ogre hits you with a +0 giant club!!
The ogre hits you with a +0 giant club!!
Things that are here:
a +1 short sword of protection; a +2 robe You are too injured to fight recklessly!
You are too injured to fight recklessly!
You hit the ogre.
The ogre is lightly wounded.
You hit the ogre.
The ogre is lightly wounded.
The ogre barely misses you.
You barely miss the ogre.
The ogre is lightly wounded.
You barely miss the ogre.
The ogre is lightly wounded.
You block the ogre's attack.
You barely miss the ogre.
The ogre is lightly wounded.
The ogre hits you with a +0 giant club!
* * * LOW HITPOINT WARNING * * *
You hit the ogre but do no damage.
The ogre is lightly wounded.
You hit the ogre.
The ogre is moderately wounded.
The ogre hits you with a +0 giant club!!
You die...

#......###......
##...#..## .#....
.#....#...#
......
.........## ##
...
.##......###.#...
#...##.........
#### ##........
#.####... #@O.# .
#.#......
#.#>!.... ...
....) ##. .....
.. .... #. ....
#.


You could see an ogre.

Vanquished Creatures
  Menkaure (D:4)
  A hornet zombie (Ossuary)
  An ogre (D:3)
  The ghost of BlasphemerAmon the Sneak, an amateur GrHu (D:3)
  Blork the orc (D:4)
  A scorpion (D:4)
  7 wyvern zombies (Ossuary)
  2 centaur zombies (Ossuary)
  3 bullfrog zombies (Ossuary)
  2 iguanas (D:4)
  Jessica (D:3)
  Natasha (thrice) (D:3)
  10 mummies (Ossuary)
  An orc wizard (D:4)
  2 killer bee zombies (Ossuary)
  3 howler monkey zombies (Ossuary)
  3 gnolls (D:3)
  3 adders
  2 worms
  3 dart slugs
  5 orcs (D:4)
  9 ball pythons
  9 bats
  11 endoplasms
  7 giant cockroaches
  3 goblins
  10 hobgoblins
  3 quokkas
  6 frilled lizards
  7 kobolds
  7 rats
128 creatures vanquished.

Notes
Turn   | Place    | Note
-------+----------+-------------------------------------------
     0 | D:1      | porpoise the Hill Orc Fighter began the quest for the Orb.
     0 | D:1      | Reached XP level 1. HP: 19/19 MP: 1/1
    33 | D:1      | Reached skill level 3 in Axes
    69 | D:1      | Reached XP level 2. HP: 27/27 MP: 2/2
   383 | D:1      | Reached skill level 4 in Axes
   389 | D:1      | Reached XP level 3. HP: 30/33 MP: 3/3
   997 | D:2      | Found Wobutwon's Weapon Shop.
  1019 | D:2      | Reached XP level 4. HP: 41/41 MP: 4/4
  1198 | D:2      | Reached skill level 5 in Axes
  1557 | D:3      | Noticed Jessica
  1565 | D:3      | Killed Jessica
  1688 | D:3      | Noticed Natasha
  1699 | D:3      | Killed Natasha
  1700 | D:3      | Reached XP level 5. HP: 30/47 MP: 5/5
  2005 | D:3      | Noticed Natasha
  2012 | D:3      | Killed Natasha
  2013 | D:3      | Reached skill level 5 in Fighting
  2013 | D:3      | Reached skill level 6 in Axes
  2033 | D:3      | Noticed Natasha
  2041 | D:3      | Killed Natasha
  2283 | D:3      | Reached XP level 6. HP: 8/56 MP: 6/6
  2562 | D:3      | Found a hide-covered altar of Uskayaw.
  2562 | D:3      | Found an iron altar of Okawaru.
  2566 | D:3      | Found a transporter.
  2567 | D:3      | Identified the +3 dire flail of the Sky {heavy, Will++
                  | rCorr}
  2567 | D:3      | Noticed BlasphemerAmon's ghost (amateur GrHu)
  2568 | D:3      | Found a transporter.
  2599 | D:3      | Killed BlasphemerAmon's ghost
  2600 | D:3      | Reached skill level 7 in Axes
  2653 | D:3      | Found a faded altar of an unknown god.
  2815 | D:4      | Identified a scroll of acquirement
  2815 | D:4      | Acquired a manual of Armour
  3039 | D:4      | Reached skill level 8 in Axes
  3039 | D:4      | Reached XP level 7. HP: 63/63 MP: 7/7
  3150 | D:4      | Found a sand-covered staircase.
  3151 | D:4      | Noticed Menkaure
  3154 | D:4      | Killed Menkaure
  3159 | Ossuary  | Entered an ossuary
  3196 | Ossuary  | Reached skill level 9 in Axes
  3210 | Ossuary  | HP: 2/64 [wyvern zombie (5)]
  3402 | Ossuary  | Reached XP level 8. HP: 38/73 MP: 8/8
  3406 | Ossuary  | Reached skill level 10 in Axes
  4055 | Ossuary  | Reached skill level 11 in Axes
  4602 | D:4      | Noticed Blork the orc
  4606 | D:4      | Killed Blork the orc
  4607 | D:4      | Reached skill level 12 in Axes
  4607 | D:4      | Reached XP level 9. HP: 72/82 MP: 9/9
  4618 | D:4      | Demolished by an ogre

Illustrated notes

Levels and vault maps discovered:
D:1:      saegor_arrival_simple_a, layout_basic, minmay_worlds_worst_comb
D:2:      layout_rooms, serial_shops, nicolae_diamond_shop
D:3:      layout_basic, gammafunk_temple_overflow_wave,
          shapermc_ecumenical_altar_pompeii, gammafunk_ghost_smash,
          uniq_jessica, uniq_natasha
D:4:      layout_cave_pools, chequers_ossuary_entry_cave, uniq_menkaure,
          uniq_blork_the_orc

Skill      XL: |  1  2  3  4  5  6  7  8 |
---------------+-------------------------+-----
Axes           | 3 4 5 6 8 9 12 | 12.1
Fighting       | 4 5 6 7 8 |  8.5
Armour         | |  3.2
Shields        | |  3.2

Action                     |  1- 3 |  4- 6 |  7- 9 || total
---------------------------+-------+-------+-------++-------
  Melee: War axe           |    85 |   128 |   189 ||   402
  Evoke: Wand              |       |       |     3 ||     3
    Use: Scroll            |       |     8 |     3 ||    11
         Potion            |       |     1 |     1 ||     2
 Armour: Scale mail        |    34 |    53 |    55 ||   142
  Dodge: Dodged            |    41 |    51 |    65 ||   157
  Block: Buckler           |    20 |    32 |    31 ||    83

Table legend: (Time is in decaauts)
 A = Elapsed time spent in this place.
 B = Non-inter-level travel time spent in this place.
 C = Inter-level travel time spent in this place.
 D = Time resting spent in this place.
 E = Time spent auto-exploring this place.
 F = Levels seen in this place.
 G = Mean time per level.
                   A        B        C        D        E       F      G
               +--------+--------+--------+--------+--------+-----+--------+
         Total |   4743 |   4648 |     95 |   1712 |   1841 |   5 |  948.6 |
       Dungeon |   3364 |   3269 |     95 |    764 |   1832 |   4 |  841.0 |
       Ossuary |   1378 |   1378 |      0 |    948 |      9 |   1 | 1378.0 |
               +--------+--------+--------+--------+--------+-----+--------+

Top non-repeatable levels by time:
     D:3: 1543 daAuts
 Ossuary: 1378 daAuts
     D:1: 930 daAuts
     D:2: 499 daAuts
     D:4: 392 daAuts
